 Dungeon Crawl Stone Soup version 0.28.0-47-ge53b351184 (webtiles) character file.

Game seed: 15420923780202504375

23 Lambsauce the Covered (level 2, -5/27 HPs)
             Began as a Minotaur Fighter on Apr 28, 2022.
             Slain by Sigmund
             ... wielding a +0 scythe
              (10 damage)
             ... on level 2 of the Dungeon.
             The game lasted 00:01:30 (884 turns).

Lambsauce the Covered (Minotaur Fighter)             Turns: 884, Time: 00:01:30

Health: -5/27      AC:  7    Str: 20    XL:     2   Next: 75%
Magic:  1/1        EV:  9    Int:  5    God:
Gold:   83         SH:  4    Dex:  9    Spells: 1/1 levels left

rFire   . . .      SeeInvis .   a - +0 long sword
rCold   . . .      Faith    .   c - +0 buckler
rNeg    . . .      Spirit   .   b - +0 scale mail
rPois   .          Reflect  .   (helmet restricted)
rElec   .          Harm     .   (no cloak)
rCorr   .          Rampage  .   (no gloves)
Will    .....                   (no boots)
Stlth   ..........              (no amulet)
HPRegen 0.09/turn               (no ring)
MPRegen 0.07/turn               (no ring)

@: no status effects
A: horns 2, retaliatory headbutt
a: no special abilities


You were on level 2 of the Dungeon.
You visited 1 branch of the dungeon, and saw 2 of its levels.

You collected 83 gold pieces.

Inventory:

Hand Weapons
 a - a +0 long sword (weapon)
Armour
 b - a +0 scale mail (worn)
 c - a +0 buckler (worn)
Scrolls
 f - a scroll of fog {unknown}
 g - a scroll of summoning {unknown}
 h - a scroll of enchant armour {unknown}
Potions
 d - 2 potions of might
 e - a potion of attraction {unknown}


   Skills:
 + Level 3.9 Fighting
 + Level 2.9 Long Blades
 + Level 4.2 Armour
 + Level 3.8 Shields


You had one spell level left.
You didn't know any spells.
Your spell library was empty.

Dungeon Overview and Level Annotations

Branches:
Dungeon (2/15)

Altars:

Annotations:
D:2 Sigmund


Innate Abilities, Weirdness & Mutations

You have a pair of horns on your head.
You reflexively headbutt those who attack you in melee.


Message History

The endoplasm hits you but does no damage.
You hit the endoplasm.
You kill the endoplasm!
HP restored.
You now have 83 gold pieces (gained 6).
Sigmund the Dreaded comes into view.
He is wielding a +0 scythe.
Found 4 gold pieces.
Sigmund shouts!
Sigmund hits you with a +0 scythe!
You slash Sigmund!
Sigmund is moderately wounded.
Sigmund points at you and mumbles some strange words.
You block the puff of flame.
You hit Sigmund. You headbutt Sigmund, but do no damage.
Sigmund is moderately wounded.
Sigmund casts a spell at you.
You are confused.
You are too confused!
You are too confused!
You are too confused!
You are too confused!
You are too confused!
You miss Sigmund. You headbutt Sigmund!
Sigmund is severely wounded.
Sigmund points at you and mumbles some strange words.
The puff of flame hits you!
Sigmund drinks a potion.
Sigmund is healed!
You bump into the rock wall.
Sigmund barely misses you.
You slash Sigmund! Your headbutt misses Sigmund.
Sigmund is severely wounded.
You bump into the rock wall.
Sigmund hits you with a +0 scythe.
You're too confused to move!
You feel less confused. Sigmund gestures at you while chanting.
The magic dart hits you.
* * * LOW HITPOINT WARNING * * *
You closely miss Sigmund.
Sigmund is severely wounded.
Sigmund says, "Don't worry, I'll kill you fast."
Sigmund hits you with a +0 scythe!
You die...

####.########.#
#....# #..#.# #.##.#
#....#
###.#########.#######
#.####..........
#........
#........#######
#........ ######...#
#........
#...#######.#........
#...@@......##.......
############ #.......
#....... #.......
#....... #.......
....... .......


You could see Sigmund.

Vanquished Creatures
  2 dart slugs (D:1)
  3 endoplasms
  2 giant cockroaches (D:1)
  A goblin (D:2)
  A kobold (D:1)
  2 ball pythons (D:1)
  5 bats
  A frilled lizard (D:1)
  2 rats (D:1)
19 creatures vanquished.

Vanquished Creatures (others)
  4 plants (D:1)
4 creatures vanquished.

Grand Total: 23 creatures vanquished

Notes
Turn   | Place    | Note
-------+----------+-------------------------------------------
     0 | D:1      | Lambsauce the Minotaur Fighter began the quest for the Orb.
     0 | D:1      | Reached XP level 1. HP: 19/19 MP: 0/0
   183 | D:1      | Reached XP level 2. HP: 27/27 MP: 1/1
   202 | D:1      | Found a faded altar of an unknown god.
   290 | D:1      | Reached skill level 4 in Armour
   875 | D:2      | Noticed Sigmund
   884 | D:2      | Slain by Sigmund

Illustrated notes

Levels and vault maps discovered:
D:1:      roderic_crop_circles_arrival_small, layout_basic,
          hellmonk_ecumenical_altar_arch_garden, minivault_11
D:2:      layout_basic, minivault_14, uniq_natasha, uniq_sigmund, uniq_robin

Skill      XL: |  1  2 |
---------------+-------+-----
Armour         | 4 |  4.2
Fighting       | |  3.9
Long Blades    | |  2.9
Shields        | |  3.8

Action                   || total
-------------------------++-------
Melee: Long sword        ||    57
       Headbutt          ||    10
Armor: Scale mail        ||    18
Dodge: Dodged            ||    16
Block: Buckler           ||     8
